 Dungeon Sprint DCSS version 0.26-a0-737-g4e9f4955e2 (webtiles) character file.

Game seed: 3967886407485580211

129 sahdkjhfkaj the Grappler (level 4, -9/44 HPs)
             Began as a Troll Monk on Nov 4, 2020.
             Mangled by an earth elemental (27 damage)
             ... summoned by a deep elf mage
             ... in the Dungeon (Sprint III: "The Ten Rune Challenge").
             The game lasted 00:00:25 (138 turns).

sahdkjhfkaj the Grappler (Troll Monk)                Turns: 138, Time: 00:00:26

Health: -9/44      AC:  6    Str: 20    XL:     4   Next: 88%
Magic:  3/3        EV: 10    Int:  6    God:
Gold:   21         SH:  0    Dex: 12    Spells: 3/3 levels left

rFire    . . .     SeeInvis .     - Unarmed
rCold    . . .     Faith    .   (no shield)
rNeg     . . .     Spirit   .   a - +0 robe
rPois    .         Reflect  .   (helmet restricted)
rElec    .         Harm     .   (no cloak)
rCorr    .         Rampage  .   (gloves unavailable)
MR       .....     NoTele   +   (boots unavailable)
Stlth    ++........             (no amulet)
HPRegen  0.54/turn              (no ring)
MPRegen  0.08/turn              (no ring)

@: no status effects
A: large, unfitting armour, claws 3, regeneration 1, shaggy fur 1, tough skin 3
a: no special abilities


You were in the Dungeon.
You visited 1 branch You collected 21 gold pieces.

Inventory:

Armour
 a - a +0 robe (worn)
Scrolls
 g - a scroll of blinking {!r}
 i - 2 scrolls of immolation {!r, unknown}
 j - a scroll of remove curse {!r, unknown}
 l - a scroll of holy word {!r, unknown}
 m - a scroll of identify {!r, unknown}
 n - a scroll of enchant weapon {!r, unknown}
Potions
 b - a potion of curing {!q}
 d - a potion of haste {!q}
 e - 2 potions of magic {!q}
 f - a potion of berserk rage {!q}
 h - 5 potions of mutation {!q, unknown}
 k - 2 potions of flight {!q}
 o - a potion of invisibility {!q, unknown}


   Skills:
 - Level 2.4 Fighting
 - Level 2.4 Dodging
 - Level 1.0 Stealth
 + Level 10.2 Unarmed Combat


You had 3 spell levels left.
You didn't know any spells.
Your spell library was empty.

Dungeon Overview and Level Annotations

Branches:
Dungeon (1/1)

Altars:
Elyvilon
Zin
The Shining One


Innate Abilities, Weirdness & Mutations

You are too large for most types of armour.
You have claws for hands.
Your natural rate of healing is unusually fast.
You are covered in fur. (AC +1)
You have extremely tough skin. (AC +3)


Message History

You barely miss the deep elf mage. You claw the deep elf mage!
The deep elf mage is almost dead.
The deep elf mage gestures at you while chanting.
The stone arrow misses you.
Unknown command.
You barely miss the deep elf mage.
The deep elf mage is almost dead.
The earth elemental hits you!
* * * LOW HITPOINT WARNING * * *
The deep elf mage drinks a potion.
The deep elf mage is healed!
Unknown command.
You closely miss the deep elf mage.
The deep elf mage is severely wounded.
Unknown command.
You scratch the deep elf mage.
The deep elf mage is severely wounded.
The deep elf mage hits you but does no damage.
The earth elemental hits you!!
Ouch! That really hurt!
You die...

▓▓▓▓▓▓▓▓▓ ▓▓▓ ..'...♣.♣
♣.##### ..#....♣♣
♣♣.#___# ###.....♣♣
♣..#e@.#
..#....≈.♣♣♣..###E#+###+
..#...≈≈...♣..#..........
.(#..≈≈≈≈♣♣...'.⌠........
#'#..≈≈≈≈≈≈♣♣.#...######+
†.#.≈≈≈≈≈≈....#.⌠.#
).#.≈≈≈≈≈.....#...#
..#.≈≈≈.......#+###
###...........#


You could see an earth elemental (summoned) and a deep elf mage.

Vanquished Creatures
  A water elemental (D)
  Jessica (D)
  A human (D)
  A wolf (D)
  2 oozes (D)
  A rat (D)
7 creatures vanquished.

Notes
Turn   | Place    | Note
-------+----------+-------------------------------------------
     0 | D        | sahdkjhfkaj the Troll Monk began the quest for the Orb.
     0 | D        | Reached XP level 1. HP: 22/22 MP: 0/0
     3 | D        | Reached skill level 4 in Unarmed Combat
     7 | D        | Reached skill level 5 in Unarmed Combat
     7 | D        | Reached XP level 2. HP: 29/29 MP: 1/1
    10 | D        | Noticed Jessica
    13 | D        | Killed Jessica
    13 | D        | Reached skill level 7 in Unarmed Combat
    13 | D        | Reached XP level 3. HP: 35/36 MP: 2/2
    37 | D        | Reached skill level 8 in Unarmed Combat
    37 | D        | Reached XP level 4. HP: 42/44 MP: 3/3
    72 | D        | Noticed a water elemental
    81 | D        | Killed a water elemental
    81 | D        | Reached skill level 10 in Unarmed Combat
   118 | D        | Found a glowing silver altar of Zin.
   119 | D        | Found a glowing golden altar of the Shining One.
   119 | D        | Found a white marble altar of Elyvilon.
   119 | D        | Noticed a deep elf mage
   128 | D        | Noticed an earth elemental
   138 | D        | Mangled by an earth elemental

Illustrated notes

Levels and vault maps discovered:
D:        dungeon_sprint_mu [sprint_mu_entry_forest, sprint_mu_temple_rooms,
          sprint_mu_d1_spiders, sprint_mu_d2_genie, sprint_mu_d3_branching,
          sprint_mu_orc_legion, sprint_mu_elf_gauntlet, sprint_mu_hive_nellie,
          sprint_mu_lair_fedhas, sprint_mu_vaults_butterflies,
          sprint_mu_slime_circle, sprint_mu_shoals_archi,
          sprint_mu_snake_twists, sprint_mu_blade_basic,
          sprint_mu_crypt_chambers, sprint_mu_tomb_spiral,
          sprint_mu_vestibule_basic, sprint_mu_gehenna_hellfire,
          sprint_mu_dis_giant, sprint_mu_tartarus_statrot,
          sprint_mu_cocytus_islands, sprint_mu_zot1]

Skill      XL: |  1  2  3  4 |
---------------+-------------+-----
Unarmed Combat | 5 7 8 10 | 10.2
Fighting       | |  2.4
Dodging        | |  2.4
Stealth        | |  1.0

Action                   |  1- 3 |  4- 6 || total
-------------------------+-------+-------++-------
Melee: Unarmed           |    11 |    25 ||    36
       Punch             |       |     1 ||     1
  Use: Potion            |       |     1 ||     1
Armor: Robe              |     1 |     3 ||     4
Dodge: Dodged            |     3 |     7 ||    10

Table legend: (Time is in decaauts)
 A = Elapsed time spent in this place.
 B = Non-inter-level travel time spent in this place.
 C = Inter-level travel time spent in this place.
 D = Time resting spent in this place.
 E = Time spent auto-exploring this place.
 F = Levels seen in this place.
 G = Mean time per level.
                   A        B        C        D        E       F      G
               +--------+--------+--------+--------+--------+-----+--------+
         Total |    133 |    133 |      0 |     34 |     51 |   1 |  133.0 |
       Dungeon |    133 |    133 |      0 |     34 |     51 |   1 |  133.0 |
               +--------+--------+--------+--------+--------+-----+--------+

Top non-repeatable levels by time:
       D: 133 daAuts
